 Dungeon Crawl Stone Soup version 0.29-a0-284-gf9362112df (webtiles) character file.

Game seed: 2023694707777887156

37 being54 the Sneak (level 3, 0/16 HPs)
             Began as a Spriggan Enchanter on Mar 22, 2022.
             Succumbed to a goblin's poison
             ... on level 2 of the Dungeon.
             The game lasted 00:01:55 (1194 turns).

being54 the Sneak (Spriggan Enchanter)              Turns: 1194, Time: 00:01:56

Health: 0/16       AC:  2    Str:  4    XL:     3   Next: 21%
Magic:  8/8        EV: 17    Int: 16    God:
Gold:   67         SH:  0    Dex: 17    Spells: 5/7 levels left

rFire   . . .      SeeInvis +   a - +1 dagger
rCold   . . .      Faith    .   (no shield)
rNeg    . . .      Spirit   .   b - +0 robe
rPois   .          Reflect  .   (helmet restricted)
rElec   .          Harm     .   (no cloak)
rCorr   .          Rampage  .   (gloves unavailable)
Will    .....                   (boots unavailable)
Stlth   +++.......              (no amulet)
HPRegen 0.05/turn               (no ring)
MPRegen 0.11/turn               (no ring)

@: brilliant, lethally poisoned (0 -> -9), very quick
A: very small, no large weapons, unfitting armour, see invisible, speed 3
a: no special abilities


You were on level 2 of the Dungeon.
You visited 1 branch of the dungeon, and saw 2 of its levels.

You collected 67 gold pieces.

Inventory:

Hand Weapons
 a - a +1 dagger (weapon)
Armour
 b - a +0 robe (worn)
Jewellery
 f - a +4 ring of protection
Scrolls
 e - 2 scrolls of identify {unknown}
Potions
 c - 2 potions of invisibility


   Skills:
 - Level 1.1 Short Blades
 - Level 2.6 Dodging
 * Level 6.1 Stealth
 - Level 2.6 Spellcasting
 + Level 4.2 Hexes


You had 5 spell levels left.
You knew the following spells:

 Your Spells              Type           Power      Damage    Failure   Level
a - Ensorcelled Hibernat  Hex/Ice        26%        N/A       12%         2

Your spell library contained the following spells:

 Spells                   Type           Power      Damage    Failure   Level
 Confusing Touch          Hex            23%        N/A       11%         3
 Tukima's Dance           Hex            23%        N/A       11%         3
 Dazzling Flash           Conj/Hex       26%        N/A       24%         3


Dungeon Overview and Level Annotations

Branches:
Dungeon (2/15)

Altars:


Innate Abilities, Weirdness & Mutations

You are very small and have problems with some larger weapons.
You are too small for most types of armour.
You have supernaturally acute eyesight. (SInv)
You cover ground extremely quickly. (Speed+++)


Message History

Your experience leads to an increase in your attributes!
Increase (S)trength, (I)ntelligence, or (D)exterity?
You feel agile. x2
You see here an adder corpse.
e - a scroll labelled NIYNGONUTS
Found a pair of boots.
You see here a +0 pair of boots.
You open the door.
There is an open door here.
e - 2 scrolls labelled NIYNGONUTS (gained 1)
You open the door.
There is an open door here.
You open the door.
There is an open door here.
You now have 67 gold pieces (gained 9).
f - a +4 ring of protection A goblin comes into view.
It is wielding a +0 dagger of venom.
Found a glowing leather armour.
The goblin shouts!
A ball python comes into view.
The goblin misses you.
The ball python hisses angrily.
You hit the goblin but do no damage. The goblin hits you but does no damage.
You are poisoned.
You closely miss the goblin.
You feel sick. The goblin misses you.
You barely miss the goblin.
You feel sick. The goblin barely misses you.
You hit the goblin.
The goblin is moderately wounded.
You feel sick. The ball python barely misses you. The ball python grabs you.
The ball python constricts you.
The goblin hits you with a +0 dagger of venom.
You are lethally poisoned!
You escape the ball python's grasp.
You feel sick.
* * * LOW HITPOINT WARNING * * *
You feel sick.
* * * LOW HITPOINT WARNING * * *
You feel sick.
It was a potion of brilliance.
You feel clever all of a sudden.
You die...

... ####... ...
....... ...
....... ...
.......
###'######.......
#................
##...[.S..........
.......g..@.......
...#+#####........
#..........
#..........
#..........
#..........
#..........
#...####### #...#


You could see a goblin and a ball python.

Vanquished Creatures
  An adder (D:2)
  6 endoplasms (D:1)
  3 hobgoblins (D:1)
  A kobold (D:1)
  A quokka (D:1)
  3 ball pythons (D:1)
  2 bats (D:1)
  2 frilled lizards (D:1)
  2 goblins (D:1)
  5 rats (D:1)
26 creatures vanquished.

Notes
Turn   | Place    | Note
-------+----------+-------------------------------------------
     0 | D:1      | being54 the Spriggan Enchanter began the quest for the Orb.
     0 | D:1      | Reached XP level 1. HP: 9/9 MP: 5/5
   224 | D:1      | Reached skill level 5 in Stealth
   230 | D:1      | Reached XP level 2. HP: 13/13 MP: 6/6
   290 | D:1      | Learned a level 2 spell: Ensorcelled Hibernation
  1098 | D:2      | Reached skill level 6 in Stealth
  1098 | D:2      | Reached XP level 3. HP: 16/16 MP: 8/8
  1194 | D:2      | Succumbed to a goblin's poison

Illustrated notes

Levels and vault maps discovered:
D:1:      minmay_arrival_hallway, layout_loops_ring, nrook_mini_vaults,
          nicolae_figureground_pulse
D:2:      layout_basic

Skill      XL: |  1  2 |
---------------+-------+-----
Stealth        | 5 6 |  6.1
Hexes          | 4 |  4.2
Short Blades   | |  1.1
Dodging        | |  2.6
Spellcasting   | |  2.6

Action                   || total
-------------------------++-------
Melee: Dagger            ||    55
  Use: Potion            ||     1
 Stab: Sleeping          ||    13
       Distracted        ||     1
Armor: Robe              ||     3
Dodge: Dodged            ||    30

Table legend: (Time is in decaauts)
 A = Elapsed time spent in this place.
 B = Non-inter-level travel time spent in this place.
 C = Inter-level travel time spent in this place.
 D = Time resting spent in this place.
 E = Time spent auto-exploring this place.
 F = Levels seen in this place.
 G = Mean time per level.
                   A        B        C        D        E       F      G
               +--------+--------+--------+--------+--------+-----+--------+
         Total |    886 |    846 |     40 |    293 |    432 |   2 |  443.0 |
       Dungeon |    886 |    846 |     40 |    293 |    432 |   2 |  443.0 |
               +--------+--------+--------+--------+--------+-----+--------+

Top non-repeatable levels by time:
     D:1: 819 daAuts
     D:2: 67 daAuts
